AoeStats
← THL

Arabia

506377753Analyzed
1v1 RM · 19d ago on Sep 13, 2026· 46m 34s· 2 players
Game mode
Random Map
Map size
Tiny (2 player)
Population
200
Speed
Normal
Resources
Standard
Victory
Conquest
Starting age
Dark Age
Ending age
Imperial Age
RankedLock teamsTeams togetherTeam positionsShared explorationLock speedFull tech treeHidden civsTurbo modeCheats
Victory
Defeat
🇨🇳 Sicilians · China
1824
+16
🇻🇳 Tatars · Vietnam
1815
-16
THL
6:04 Loom
8:50 Feudal Age
9:21 Double-Bit Axe
16:54 Fletching
22:59 Castle Age
23:04 Crossbowman
23:44 Bodkin Arrow
24:00 Bow Saw
26:59 Ballistics
26:55 Padded Archer Armor
29:27 Scale Barding Armor
29:34 Bloodlines
30:55 Husbandry
43:15 Imperial Age
44:47 Leather Archer Armor
44:34 Bracer
cff
5:50 Loom
8:51 Feudal Age
11:17 Double-Bit Axe
19:09 Scale Mail Armor
19:16 Gold Mining
23:52 Castle Age
22:17 Arson
22:59 Stone Mining
24:02 Forging
23:54 Horse Collar
25:50 Squires
27:25 Chain Mail Armor
28:55 Wheelbarrow
31:28 Iron Casting
31:18 Town Watch
32:45 Pikeman
34:14 Ballistics
33:55 Gambesons
38:28 Bow Saw
39:38 Hand Cart
40:17 Fletching
41:05 Padded Archer Armor
41:00 Bodkin Arrow
45:00 Imperial Age
43:02 Padded Archer Armor
45:53 Bracer
45:41 Arrowslits
46:56 Chemistry
45:44 Gambesons
46:51 Plate Mail Armor
47:33 Conscription
Connection lost

Rejoining the realm…

Still unreachable

The connection could not be restored.

Session expired

The server has moved on; the page needs a fresh start.